Map: Shrines of Lizul

Players

VodkaMarinee - Winner!

  • Race: Protoss Protoss
  • League: Gold
  • Spawn Location: 12:00

NoOne - Winner!

  • Race: Terran Terran
  • Spawn Location: 3:00

Pajskor

  • Race: Terran Terran
  • Spawn Location: 6:00

ILIEKEGGPIE

  • Race: Protoss Protoss
  • League: Platinum
  • Spawn Location: 9:00

VOD

Have the link to the VOD?

Description

Time

  • Played on: May 26, 2018, 11:10 a.m.
  • Length: 8:58
Show
View Real Time Build Order
Export as new Build Order

VodkaMarinee Protoss - Winner!

Build Orders:  

Get SALT Encoding   

  12  0:01  Probe  
  13  0:22  Probe  
  13  0:27  Pylon  
  14  0:33  Assimilator  
  14  0:34  Probe  
  15  0:42  Probe  
  16  0:50  Probe  
  16  0:54  Gateway  
  17  0:58  Probe  
  18  1:04  Pylon  
  18  1:06  Probe  
  19  1:15  Probe  
  19  1:21  Gateway  
  20  1:26  Probe  
  21  1:41  Cybernetics Core  
  21  1:42  Probe  
  22  1:55  Probe  
  23  2:07  Probe  
  24  2:09  Warp Gate  
  24  2:11  Assimilator  
  24  2:13  Pylon  
  24  2:17  Adept x2  
  24  2:21  Probe  
  29  2:27  Pylon  
  29  2:39  Probe  
  30  2:52  Probe  
  31  3:04  Nexus  
  31  3:07  Pylon  
  31  3:08  Adept x2  
  35  3:33  Probe  
  36  3:38  Gateway  
  36  3:40  Gateway  
  36  3:48  Adept x2  
  40  4:11  Stargate, Pylon  
  40  4:13  Probe x2  
  36  4:24  Probe  
  37  4:37  Stalker  
  39  4:38  Stalker  
  39  4:39  Stalker  
  39  4:40  Stalker  
  39  4:44  Probe x2  
  47  4:46  Phoenix  
  47  5:10  Probe x2  
  49  5:20  Phoenix  
  49  5:38  Stalker x3  
  49  5:39  Stalker  
  49  5:42  Probe x2  
  57  5:44  Phoenix  
  59  5:54  Probe x2  
  61  6:05  Stalker x4  
  61  6:06  Probe x2  
  71  6:11  Twilight Council  
  71  6:13  Pylon  
  71  6:18  Probe x2  
  71  6:19  Phoenix  
  75  6:30  Probe  
  76  6:37  Probe  
  77  6:42  Probe  
  72  7:05  Probe x2  
  74  7:12  Stalker  
  74  7:13  Stalker x3  
  80  7:15  Phoenix  
  80  7:17  Probe  
  71  7:44  Nexus  
  71  7:46  Assimilator  
  71  7:47  Pylon  
  71  7:50  Pylon  
  71  7:51  Assimilator  
  71  7:55  Forge  
  71  8:03  Phoenix  
  73  8:05  Stalker  
  73  8:06  Stalker x2  
  73  8:09  Probe x2  
  81  8:14  Assimilator, Pylon  
  81  8:16  Assimilator, Pylon  
  81  8:18  Gateway x2  
  81  8:21  Gateway  
  81  8:22  Gateway  
  81  8:23  Pylon  
Show
View Real Time Build Order
Export as new Build Order

NoOne Terran - Winner!

Build Orders: Cyclone Opening, Reaper Expand 

Get SALT Encoding   

  12  0:01  SCV  
  13  0:13  SCV  
  14  0:18  Supply Depot  
  14  0:25  SCV  
  15  0:31  Refinery  
  15  0:40  SCV  
  16  0:47  Barracks  
  16  0:52  SCV  
  17  1:04  SCV  
  18  1:16  SCV  
  19  1:37  Orbital Command  
  19  1:38  Reaper  
  20  1:56  Command Center  
  20  2:06  SCV, Factory  
  21  2:13  Barracks Reactor  
  21  2:18  SCV  
  21  2:30  SCV  
  21  2:31  Supply Depot  
  22  2:41  Refinery  
  22  2:43  SCV  
  23  2:52  Marine x2  
  23  2:57  Cyclone  
  28  3:12  Marine x2  
  30  3:14  Bunker, SCV  
  31  3:24  Orbital Command  
  31  3:26  SCV  
  32  3:33  Cyclone  
  35  3:37  Marine  
  35  3:38  Marine  
  37  3:43  SCV  
  38  3:52  Engineering Bay  
  38  3:55  Starport, SCV  
  38  3:58  SCV  
  40  4:07  Marine x2  
  42  4:13  Factory Reactor  
  42  4:15  SCV  
  43  4:22  Supply Depot  
  43  4:23  Barracks  
  43  4:24  Missile Turret  
  43  4:26  Marine  
  44  4:32  Missile Turret  
  44  4:34  SCV  
  45  4:43  SCV  
  46  4:46  Terran Infantry Weapons Level 1, SCV  
  46  4:51  Widow Mine  
  46  4:52  Widow Mine  
  51  4:56  SCV  
  51  5:30  Marine  
  51  5:31  Marine  
  53  5:42  Liberator  
  53  5:48  Marine x2  
  54  6:11  Supply Depot  
  54  6:12  Supply Depot  
  54  6:13  Supply Depot  
  54  6:16  Barracks  
  54  6:18  Barracks, Marine, SCV x2, Widow Mine x2, Barracks Tech Lab  
  61  6:20  Barracks  
  61  6:26  Marine  
  61  6:30  SCV  
  61  6:32  SCV  
  62  6:35  Marine  
  63  6:42  SCV  
  63  6:44  Marine, SCV  
  66  6:53  Marine  
  62  6:54  SCV  
  59  7:01  Starport Reactor  
  59  7:02  Marine, SCV  
  61  7:12  Marine  
  61  7:14  Widow Mine, SCV  
  65  7:19  Refinery  
  65  7:20  Refinery, Marine  
  65  7:21  SCV  
  65  7:22  Barracks Reactor, Barracks Tech Lab x2  
  67  7:26  Command Center  
  67  7:30  Marine, SCV  
  67  7:31  Supply Depot  
  67  7:33  Supply Depot x2  
  67  7:34  SCV  
  67  7:35  Widow Mine  
  72  7:38  Marine  
  72  7:43  SCV  
  74  7:46  SCV  
  74  7:48  Marine  
  76  7:51  Supply Depot x2  
  76  7:52  Marine  
  76  7:55  SCV  
  76  7:56  Marine  
  76  7:58  SCV  
  80  8:06  Marine  
  80  8:07  SCV  
  80  8:08  Marine x4  
  80  8:10  Marine, SCV  
  88  8:14  Marine  
  88  8:15  Starport  
  88  8:16  Missile Turret  
  88  8:19  SCV  
  90  8:22  SCV  
  90  8:23  Marine  
  90  8:25  Marine x2  
  90  8:26  Marine  
  94  8:27  Widow Mine  
  94  8:31  SCV  
  96  8:34  SCV  
  96  8:43  SCV x2  
  105  8:55  Missile Turret  
Show
View Real Time Build Order
Export as new Build Order

Pajskor Terran 

Build Orders: Mech 

Get SALT Encoding   

  12  0:01  SCV  
  13  0:13  SCV  
  14  0:19  Supply Depot  
  14  0:25  SCV  
  15  0:29  Refinery  
  15  0:40  SCV  
  16  0:47  Barracks  
  16  0:52  SCV  
  17  1:04  SCV  
  18  1:14  Refinery  
  18  1:16  SCV  
  19  1:30  Supply Depot  
  19  1:34  Orbital Command  
  19  1:35  Reaper  
  20  2:02  SCV  
  21  2:17  Command Center  
  21  2:20  SCV  
  21  2:21  Barracks Reactor  
  22  2:47  SCV  
  22  2:56  Factory  
  22  2:58  Marine x2  
  22  2:59  SCV  
  25  3:06  Engineering Bay  
  25  3:15  Factory  
  25  3:24  Marine x2  
  27  3:35  SCV  
  27  3:36  Orbital Command  
  27  3:47  SCV  
  27  3:55  Barracks Tech Lab  
  27  3:58  Widow Mine x2  
  31  4:03  Factory Reactor  
  31  4:07  Starport  
  31  4:10  Factory  
  31  4:13  Armory  
  31  4:14  Armory  
  31  4:18  SCV  
  31  4:19  SCV  
  31  4:20  Hellion x2  
  37  4:30  SCV  
  38  4:31  SCV  
  39  4:42  SCV  
  39  4:43  SCV  
  41  4:46  Refinery  
  41  4:54  SCV  
  41  4:56  Refinery, SCV  
  41  5:06  SCV  
  41  5:08  Widow Mine x2  
  42  5:26  Widow Mine x2  
  46  5:33  Supply Depot  
  46  5:45  Marine  
  46  5:46  SCV x2  
  46  5:48  Widow Mine  
  45  5:55  Widow Mine x2  
  49  6:01  SCV  
  49  6:03  Siege Tank  
  53  6:05  Barracks Tech Lab  
  53  6:11  Terran Vehicle Weapons Level 1, Terran Vehicle And Ship Armor Level 1  
  53  6:12  Supply Depot  
  53  6:17  SCV  
  54  6:28  Liberator  
  54  6:34  Hellion x4  
  62  6:41  SCV  
  61  6:55  Siege Tank  
  61  6:59  Hellion  
  62  7:03  Widow Mine  
  62  7:04  Widow Mine  
  62  7:06  Marauder  
  47  7:52  Supply Depot  
  47  7:54  Supply Depot  
  47  7:56  Supply Depot  
  47  7:57  Supply Depot  
  47  7:58  Supply Depot  
  47  8:01  Missile Turret  
  47  8:13  Hellion, Widow Mine, Marine, SCV x2  
  47  8:15  Hellion, Medivac, Siege Tank  
  47  8:18  Hellion  
  63  8:31  Marine  
  58  8:35  Hellion, Widow Mine  
  58  8:37  Hellion  
  58  8:39  SCV  
  54  8:47  Supply Depot  
Show
View Real Time Build Order
Export as new Build Order

ILIEKEGGPIE Protoss 

Build Orders: Phoenix Opening 

Get SALT Encoding   

  12  0:01  Probe  
  13  0:13  Probe  
  14  0:18  Pylon  
  14  0:23  Probe  
  15  0:32  Probe  
  15  0:41  Gateway  
  15  0:42  Probe  
  16  0:49  Assimilator  
  17  0:55  Probe  
  18  1:05  Pylon  
  18  1:11  Probe  
  19  1:14  Gateway  
  19  1:22  Assimilator  
  19  1:23  Probe  
  20  1:33  Cybernetics Core, Probe  
  21  1:41  Probe  
  22  2:12  Stargate  
  22  2:14  Warp Gate  
  22  2:22  Nexus  
  22  2:27  Stalker  
  22  2:34  Probe  
  25  2:49  Stalker  
  27  3:00  Pylon  
  27  3:01  Phoenix  
  29  3:22  Pylon  
  29  3:28  Phoenix  
  29  3:32  Stalker  
  31  3:35  Probe  
  31  3:37  Probe  
  35  3:43  Probe  
  36  3:50  Probe  
  37  4:12  Phoenix  
  37  4:14  Probe  
  37  4:16  Stalker  
  39  4:17  Stalker  
  39  4:18  Probe  
  39  4:24  Assimilator, Pylon  
  45  4:30  Probe  
  46  4:32  Probe  
  46  4:36  Shield Battery  
  47  4:39  Assimilator  
  47  4:42  Phoenix, Probe  
  47  4:45  Probe  
  51  4:54  Probe  
  51  4:57  Probe  
  53  5:06  Probe  
  54  5:11  Phoenix  
  40  5:48  Stalker x2  
  40  5:49  Probe  
  40  6:01  Phoenix  
  42  6:06  Gateway  
  42  6:08  Gateway  
  42  6:14  Stalker x2  
  46  6:37  Pylon  
  46  6:40  Pylon  
  44  6:55  Phoenix  
  42  7:11  Stalker x2  
  42  7:12  Stargate  
  46  7:23  Stalker x2  
  48  8:01  Phoenix  
  48  8:04  Stalker x2  
  54  8:14  Nexus  
  54  8:30  Phoenix  
Tags
 
Add a new tag
Caveats
  • Supply blocks, unpowered buildings, or Contaminate may cause inaccurate times.
  • Supply counts are checked every 10 seconds.